 Dungeon Crawl Stone Soup version 0.24-a0-487-g57318f2ed0 (webtiles) character file.

Game seed: 12654922841806618475

436 345516895589 the Digger (level 7, -3/40 HPs)
             Began as a Gargoyle Earth Elementalist on July 10, 2019.
             Slain by an orc warrior
             ... wielding a +0 mace
              (20 damage)
             ... on level 4 of the Dungeon.
             The game lasted 00:20:31 (3406 turns).

345516895589 the Digger (GrEE)                      Turns: 3406, Time: 00:20:31

Health: -3/40      AC:  6    Str: 12    XL:     7   Next: 1%
Magic:  11/13      EV: 12    Int: 17    God:
Gold:   102        SH:  0    Dex: 10    Spells: 10/14 levels left

rFire    . . .     SeeInvis .   e - +3 dagger (venom)
rCold    . . .     Gourm    +   (no shield)
rNeg     + . .     Faith    .   c - +0 robe
rPois    ∞         Spirit   .   (no helmet)
rElec    +         Reflect  .   (no cloak)
rCorr    .         Harm     .   (no gloves)
MR       .....                  (no boots)
Stlth    ++........             o - amulet of the gourmand
HPRegen  0.13/turn              (no ring)
MPRegen  0.13/turn              (no ring)

@: no status effects
A: negative energy resistance 1, electricity resistance, unbreathing,
petrification resistance, rot immunity, AC +4
a: no special abilities


You were on level 4 of the Dungeon.
You were completely stuffed.

You visited 1 branch of the dungeon, and saw 4 of its levels.

You collected 102 gold pieces.

Inventory:

Hand Weapons
 e - a +3 dagger of venom (weapon)
 f - a +0 short sword of protection
Missiles
 b - 35 stones (quivered)
Armour
 c - a +0 robe (worn)
Jewellery
 i - a +3 ring of strength {unknown}
 o - an amulet of the gourmand (around neck)
 p - an uncursed ring of see invisible {unknown}
Wands
 g - a wand of flame (17)
Scrolls
 a - 3 scrolls of teleportation
 k - 3 scrolls of remove curse
 n - a scroll of random uselessness
Potions
 j - a potion of lignification {unknown}
 l - 2 potions of haste {unknown}
 m - a potion of curing {unknown}
 q - 2 potions of heal wounds {unknown}
Comestibles
 d - 6 rations
 t - 2 chunks of flesh


   Skills:
 + Level 2.3 Fighting
 - Level 1.7 Dodging
 - Level 2.4 Stealth
 + Level 4.2 Spellcasting
   Level 0.7 Transmutations
 * Level 6.9 Earth Magic


You had 10 spell levels left.
You knew the following spells:

 Your Spells              Type           Power        Failure   Level  Hunger
a - Sandblast             Erth           ####..       1%          1    None
b - Stone Arrow           Conj/Erth      ###...       11%         3    ###....

Your spell library contained the following spells:

 Spells                   Type           Power        Failure   Level  Hunger
 Passwall                 Tmut/Erth      ###.....     4%          2    ##.....
 Lee's Rapid Deconstruct  Erth           ####......   26%         5    ######.
 Petrify                  Tmut/Erth      ###.....     32%         4    ####...


Dungeon Overview and Level Annotations

Branches:
Dungeon (4/15)
 Temple: D:4-7

Altars:
Ru
Trog

Annotations:
D:3 Terence


Innate Abilities, Weirdness & Mutations

You are resistant to torment.
Your stone body is resilient. (AC +4)
You are immune to poison.
You resist negative energy. (rN+)
You are resistant to electric shocks. (rElec)
You can survive without breathing.
You are immune to petrification.
You are immune to rotting.


Message History

Press: ? - help, Shift-Dir - straight line, f/p - orc warrior
Aim: an orc warrior, wielding a +0 mace and wearing a +0 plate armour (lightly wounded)
The blast of sand misses the orc warrior.
The blast of sand hits the orc!!
You kill the orc!
b - 36 stones The orc warrior hits you with a +0 mace!
Casting: Sandblast (safe; 1% risk of failure)
Confirm with . or Enter, or press ? or * to list all spells.
Aiming: Sandblast (safe; 1% risk of failure)
Press: ? - help, Shift-Dir - straight line, f/p - orc warrior
Aim: an orc warrior, wielding a +0 mace and wearing a +0 plate armour (lightly wounded)
The blast of sand hits the orc warrior but does no damage.
The orc warrior is lightly wounded.
b - 35 stones The orc warrior barely misses you.
There is a stone staircase leading down here.
The orc warrior hits you with a +0 mace!!
Ouch! That really hurt!
You die...

#.### #.##.# #...## ..#.###
########..# #.#.#. # #...#
##o###..... ...
#...#####.#.....####.#
#...#.....o.#........#
#..................##
#.........o.........#
#.........@.........# ###
####................# #..
#................#####.#
#.............._.......#
######................#######
#.....#...............#
#.....##.....#......####
#......................######
#.....##.............†.).....


You could see an orc warrior and 2 orcs.

Vanquished Creatures
  2 scorpions (D:4)
  A crimson imp (D:2)
  A gnoll shaman (D:4)
  An iguana (D:4)
  2 worker ants (D:4)
  Robin (D:3)
  5 gnolls (D:4)
  5 adders
  2 worms (D:2)
  2 dart slugs
  A leopard gecko (D:4)
  2 orcs (D:4)
  4 giant cockroaches
  8 goblins
  13 hobgoblins
  13 jackals
  A ball python (D:1)
  9 bats
  3 frilled lizards
  10 kobolds
  A leopard gecko skeleton (D:4)
  3 rats
90 creatures vanquished.

Notes
Turn   | Place    | Note
-------+----------+-------------------------------------------
     0 | D:1      | 345516895589 the Gargoyle Earth Elementalist began the
                  | quest for the Orb.
     0 | D:1      | Reached XP level 1. HP: 10/10 MP: 3/3
   318 | D:1      | Reached XP level 2. HP: 9/15 MP: 1/5
   468 | D:1      | Reached skill level 4 in Earth Magic
   679 | D:1      | Reached XP level 3. HP: 19/19 MP: 2/6
   778 | D:1      | Learned a level 3 spell: Stone Arrow
  1173 | D:2      | Reached XP level 4. HP: 24/24 MP: 2/8
  1540 | D:2      | Reached skill level 5 in Earth Magic
  1590 | D:2      | Found a sacrificial altar of Ru.
  2184 | D:2      | Reached XP level 5. HP: 27/28 MP: 3/10
  2755 | D:3      | Noticed Robin
  2779 | D:3      | Killed Robin
  2915 | D:3      | Noticed Terence
  2936 | D:4      | Reached skill level 1 in Fighting
  2978 | D:4      | Reached skill level 6 in Earth Magic
  2978 | D:4      | Reached XP level 6. HP: 30/34 MP: 7/11
  3204 | D:4      | Found a bloodstained altar of Trog.
  3309 | D:4      | Reached XP level 7. HP: 40/40 MP: 4/13
  3406 | D:4      | Slain by an orc warrior

Levels and vault maps discovered:
D:1:      saegor_arrival_under_anarchy, layout_rooms
D:2:      wad_river_or_something, layout_loops_corners, nicolae_ru_awakened_eye,
          st_stairs_11, serial_bayou_lagoon_b
D:3:      layout_loops_ring, chequers_ecumenical_altar_grove, nrook_campfire,
          uniq_robin, uniq_terence
D:4:      layout_rooms, bloody_trog, first_ration, st_stairs_8,
          uniq_crazy_yiuf_cottage

Skill      XL: |  1  2  3  4  5  6 |
---------------+-------------------+-----
Earth Magic    | 4 5 6 |  6.9
Spellcasting   | 3 4 |  4.2
Fighting       | 1 2 |  2.3
Dodging        | |  1.7
Stealth        | |  2.4
Transmutations | |  0.7

Action                   |  1- 3 |  4- 6 |  7- 9 || total
-------------------------+-------+-------+-------++-------
Melee: Dagger            |     1 |    20 |       ||    21
 Cast: Sandblast         |    51 |    76 |     7 ||   134
       Stone Arrow       |       |    11 |       ||    11
  Use: Scroll            |       |     7 |       ||     7
  Eat: Chunk             |     1 |    21 |       ||    22
Armor: Robe              |     7 |    11 |       ||    18
Dodge: Dodged            |     9 |    26 |     1 ||    36

Table legend:
 A = Non-vault XP
 B = Vault XP
 C = Vault XP percentage of total XP
 D = Non-vault monster count
 E = Vault monster count
 F = Vault count percentage of total count
                 A         B        C        D         E       F
            +---------+---------+-------+---------+---------+-------
      Total |     428 |     196 |  31.4 |      67 |      23 |  25.6
            +---------+---------+-------+---------+---------+-------
        D:1 |      52 |       0 |   0.0 |      29 |       0 |   0.0
        D:2 |      47 |      99 |  67.8 |      11 |      14 |  56.0
        D:3 |      35 |      27 |  43.5 |      13 |       7 |  35.0
        D:4 |     294 |      70 |  19.2 |      14 |       2 |  12.5
            +---------+---------+-------+---------+---------+-------
